 Dungeon Crawl Stone Soup version 0.32-a0-975-g85d4e5bfdb (webtiles) character file.

Game seed: 14302895584173969173

70 jasper the Cudgeller (level 4, -3/38 HPs)
             Began as a Mountain Dwarf Fighter on Apr 18, 2024.
             Was a Follower of Yredelemnul.
             Killed by divine providence
             ... invoked by an orc priest
              (15 damage)
             ... on level 3 of the Dungeon.
             The game lasted 00:03:31 (1179 turns).

jasper the Cudgeller (Mountain Dwarf Fighter)       Turns: 1179, Time: 00:03:31

Health: -3/38      AC: 14    Str: 21    XL:     4   Next: 3%
Magic:  4/4        EV:  4    Int:  8    God:    Yredelemnul [*.....]
Gold:   129        SH:  4    Dex:  9    Spells: 3/3 levels left

rFire   . . .        e - +0 morningstar (protect)
rCold   . . .        c - +0 buckler
rNeg    . . .        d - +0 plate armour
rPois   .            (no helmet)
rElec   .            j - +2 cloak
rCorr   .            (no gloves)
SInv    .            (no boots)
Will    .....        (no amulet) Stlth
                     (no ring)
HPRegen 0.26/turn    (no ring)
MPRegen 0.09/turn

%: no passive effects
@: wreathed by umbra
A: runic magic, artefact enchanting
a: Renounce Religion, Light the Black Torch, Recall Undead Harvest


You were on level 3 of the Dungeon.
You worshipped Yredelemnul.
Yredelemnul was noncommittal.
You visited 1 branch of the dungeon, and saw 3 of its levels.

You collected 129 gold pieces.

Inventory:

Hand Weapons
 a - a +1 flail
 e - a +0 morningstar of protection (weapon)
 n - the +0 dagger of Cih Pypt {vamp, +Blink rC+ rN+ Int+3}
   (You found it on level 2 of the Dungeon)

   Int+3:     It affects your intelligence (+3).
   rC+:       It protects you from cold.
   rN+:       It protects you from negative energy.
   +Blink:    It lets you blink.
Missiles
 f - 5 stones (quivered)
Armour
 b - a +0 scale mail
 c - a +0 buckler (worn)
 d - a +0 plate armour (worn)
 h - a +0 cloak
 j - a +2 cloak (worn)
Potions
 g - a potion of mutation
 o - a potion of invisibility {unknown}
 p - a potion of might


   Skills:
 - Level 3.2 Fighting
 + Level 5.3 Maces & Flails
 - Level 3.2 Armour
 - Level 3.2 Shields


You had 3 spell levels left.
You didn't know any spells.
Your spell library contained the following spells:

 Spells                   Type           Power      Damage    Failure   Level
 Magic Dart               Conj           0%         1d3       77%         1
 Blink                    Tloc           0%         N/A       88%         2
 Call Imp                 Summ           0%         N/A       88%         2


Dungeon Overview and Level Annotations

Branches:
Dungeon (3/15)

Altars:
Vehumet
Yredelemnul


Innate Abilities, Weirdness & Mutations

Your spellcasting is much less encumbered by armour.
You can use scrolls of enchantment on lesser artefacts.


Message History

You swap places.
The adder bites your necrophage but does no damage.
The orc barely misses you.
Your necrophage hits the adder. The adder bites your necrophage.
Things that are here:
a +0 morningstar of protection; a +0 club; a +0 leather armour You hit the orc.
The orc is almost dead.
The orc hits you but does no damage.
Your necrophage barely misses the adder.
The adder bites your necrophage.
You hit the orc.
You kill the orc!
Their soul becomes fuel for the torch.
The dead are walking!
The adder bites your necrophage.
Your necrophage hits the adder.
The adder dies!
Their soul becomes fuel for the torch.
You have reached level 4!
You feel stronger.
You regained 5 hp, and now have 23/38 hp.
MP restored: 4
e - a +0 morningstar of protection Your necrophage barely misses the orc priest.
The orc priest invokes the aid of Beogh against you.
Beogh smites you!
You take 11 damage, and have 12/38 hp.
MASSIVE DAMAGE!!
Your +0 morningstar of protection hums with potential!
e - a +0 morningstar of protection (weapon)
Your necrophage hits the orc priest.
The orc priest looks satisfied for a moment.
The orc priest hits your necrophage with a +0 hand axe.
Your necrophage closely misses the orc priest.
Things that are here:
a +0 short sword; a +0 short sword; an orc corpse You swap places.
Your necrophage hits the orc priest.
The orc priest mumbles some strange prayers to Beogh against you.
Beogh smites you!
You die...
Your body rises from the dead as a mindless zombie.

.. #. .. #. ##.
#..
##g########.####
#.SonZ@Z)Z......
##o######.#####.
#. .# #o ## ..
.# #. #. ##


You could see an orc priest (ally target), an adder, an orc, a goblin, a
friendly necrophage (summoned) and 3 friendly orc zombies.

Vanquished Creatures
  A gnoll (D:1)
  A dart slug (D:2)
  4 orcs (D:3)
  A ball python (D:2)
  A bat (D:1)
  3 endoplasms
  A giant cockroach (D:2)
  2 goblins (D:1)
  4 hobgoblins
  6 kobolds
  A quokka (D:1)
  3 frilled lizards
  4 rats
32 creatures vanquished.

Vanquished Creatures (collateral kills)
  An adder (D:3)
  3 orcs (D:3)
  A bat (D:2)
  A goblin (D:2)
  A hobgoblin (D:2)
  A kobold (D:2)
8 creatures vanquished.

Vanquished Creatures (others)
  An endoplasm zombie (D:2)
  A frilled lizard zombie (D:2)
  A giant cockroach zombie (D:2)
  2 hobgoblin zombies (D:2)
  2 kobold zombies (D:2)
  2 orc zombies (D:3)
  A rat zombie (D:2)
10 creatures vanquished.

Grand Total: 50 creatures vanquished

Notes
Turn   | Place    | Note
-------+----------+-------------------------------------------
     0 | D:1      | jasper the Mountain Dwarf Fighter began the quest for the
                  | Orb.
     0 | D:1      | Reached XP level 1. HP: 19/19 MP: 1/1
    97 | D:1      | Reached skill level 3 in Maces & Flails
   144 | D:1      | Reached XP level 2. HP: 26/26 MP: 2/2
   243 | D:1      | Reached skill level 4 in Maces & Flails
   401 | D:1      | Found a faded altar of an unknown god.
   406 | D:1      | Prayed at the altar of an unknown god.
   406 | D:1      | Became a worshipper of Yredelemnul the Fallen
   406 | D:1      | Reached * piety under Yredelemnul
   632 | D:2      | Reached XP level 3. HP: 31/31 MP: 3/3
   667 | D:2      | Found a radiant altar of Vehumet.
   802 | D:2      | Identified the +0 dagger of Cih Pypt {vamp, +Blink rC+ rN+
                  | Int+3}
  1162 | D:3      | Reached skill level 5 in Maces & Flails
  1176 | D:3      | Reached XP level 4. HP: 23/38 MP: 4/4
  1179 | D:3      | Killed from afar by an orc priest

Illustrated notes

Levels and vault maps discovered:
D:1:      onia_arrival_mini_maze_b, layout_basic,
          nicolae_ecumenical_lake_church, interstate_on_off
D:2:      layout_rooms, basic_altar, lexackson_kobold_supper
D:3:      layout_basic, nemelex_altar_shiori,
          nicolae_concentric_dashed_squares_mild

Skill      XL: |  1  2  3 |
---------------+----------+-----
Maces & Flails | 3 4 5 |  5.3
Fighting       | |  3.2
Armour         | |  3.2
Shields        | |  3.2

Action                     |  1- 3 |  4- 6 || total
---------------------------+-------+-------++-------
  Melee: Flail             |    95 |       ||    95
  Throw: Stone             |     2 |       ||     2
 Invoke: Light the Black T |     2 |       ||     2
    Use: Potion            |     1 |       ||     1
         Scroll            |     5 |       ||     5
 Armour: Scale mail        |    15 |       ||    15
         Plate armour      |    71 |       ||    71
  Dodge: Dodged            |    35 |       ||    35
  Block: Buckler           |    24 |       ||    24

Table legend: (Time is in decaauts)
 A = Elapsed time spent in this place.
 B = Non-inter-level travel time spent in this place.
 C = Inter-level travel time spent in this place.
 D = Time resting spent in this place.
 E = Time spent auto-exploring this place.
 F = Levels seen in this place.
 G = Mean time per level.
                   A        B        C        D        E       F      G
               +--------+--------+--------+--------+--------+-----+--------+
         Total |   1200 |   1132 |     68 |      0 |    789 |   3 |  400.0 |
       Dungeon |   1200 |   1132 |     68 |      0 |    789 |   3 |  400.0 |
               +--------+--------+--------+--------+--------+-----+--------+

Top non-repeatable levels by time:
     D:1: 615 daAuts
     D:2: 543 daAuts
     D:3: 41 daAuts
